 Dungeon Crawl Stone Soup version 0.27.1-33-g824d729ab1 (webtiles) character file.

Game seed: 17964049949776019561

347 sking99 the Ruffian (level 6, -2/62 HPs)
             Began as a Troll Monk on Dec 9, 2021.
             Killed by divine providence
             ... invoked by an orc priest
              (12 damage)
             ... on level 7 of the Dungeon.
             The game lasted 00:05:09 (2648 turns).

sking99 the Ruffian (Troll Monk)                    Turns: 2648, Time: 00:05:09

Health: -2/62      AC:  6    Str: 22    XL:     6   Next: 33%
Magic:  5/5        EV: 10    Int:  6    God:
Gold:   240        SH:  0    Dex: 12    Spells: 5/5 levels left

rFire    + . .     SeeInvis .     - Unarmed
rCold    . . .     Faith    .   (no shield)
rNeg     . . .     Spirit   .   a - +0 robe
rPois    .         Reflect  .   s - +2 hat
rElec    .         Harm     .   (no cloak)
rCorr    .         Rampage  .   (gloves unavailable)
Will     +....                  (boots unavailable)
Stlth    ++........             h - amulet of regeneration
HPRegen  2.20/turn              j - ring of willpower
MPRegen  0.09/turn              l - ring of protection from fire

@: no status effects
A: large, unfitting armour, claws 3, regeneration 1, shaggy fur 1, tough skin 1
a: no special abilities


You were on level 7 of the Dungeon.
You visited 1 branch of the dungeon, and saw 5 of its levels.

You collected 240 gold pieces.

Inventory:

Armour
 a - a +0 robe (worn)
 s - a +2 hat (worn)
Jewellery
 h - an amulet of regeneration (around neck)
 j - a ring of willpower (left claw)
 l - a ring of protection from fire (right claw)
Scrolls
 d - a scroll of enchant armour
 i - a scroll of teleportation {unknown}
 n - 3 scrolls of fog {unknown}
Potions
 b - a potion of heal wounds
 e - 2 potions of attraction
 f - a potion of degeneration {unknown}
 g - a potion of lignification
 k - a potion of mutation {unknown}
 m - a potion of curing {unknown}
 p - 2 potions of magic


   Skills:
 + Level 3.9 Fighting
 - Level 2.4 Dodging
 - Level 1.0 Stealth
 * Level 6.1 Unarmed Combat


You had 5 spell levels left.
You didn't know any spells.
Your spell library contained the following spells:

 Spells                   Type           Power      Damage    Failure   Level
 Slow                     Hex            0%         N/A       58%         2
 Confusing Touch          Hex            0%         N/A       83%         3
 Yara's Violent Unravell  Hex/Tmut       0%         3d3       100%        5


Dungeon Overview and Level Annotations

Branches:
Dungeon (4/15)
 Temple: D:4-7

Altars:

Annotations:
D:3 2 transporters, gpo23's ghost, amateur MiBe


Innate Abilities, Weirdness & Mutations

You are too large for most types of armour.
You have claws for hands.
Your natural rate of healing is unusually fast.
You are covered in fur. (AC +1)
You have tough skin. (AC +1)


Message History

You scratch the orc warrior.
The orc warrior is lightly wounded.
The orc warrior hits you with a +0 scimitar!
You scratch the orc warrior but do no damage.
The orc warrior is lightly wounded.
The orc warrior hits you with a +0 scimitar!
You closely miss the orc warrior.
The orc warrior is lightly wounded.
The orc priest calls upon Beogh to heal the orc warrior.
The orc warrior's wounds heal themselves!
The orc warrior barely misses you.
You claw the orc warrior!
The orc warrior is heavily wounded.
You closely miss the orc warrior.
The orc warrior is heavily wounded.
The orc priest calls upon Beogh to heal the orc warrior.
The orc warrior is healed somewhat.
The orc warrior closely misses you.
You barely miss the orc warrior.
The orc warrior is moderately wounded.
The orc priest calls down the wrath of Beogh upon you.
Beogh smites you! The orc warrior closely misses you.
You barely miss the orc warrior.
The orc warrior is moderately wounded.
The orc priest calls upon Beogh to heal the orc warrior.
The orc warrior is healed somewhat.
The orc warrior hits you but does no damage.
You claw the orc warrior!
The orc warrior is moderately wounded.
The orc warrior hits you with a +0 scimitar!
You completely miss the orc warrior.
The orc warrior is moderately wounded.
The orc warrior hits you with a +0 scimitar!
You scratch the orc warrior.
The orc warrior is heavily wounded.
The orc warrior hits you with a +0 scimitar!
* * * LOW HITPOINT WARNING * * *
Unknown command.
The orc priest calls down the wrath of Beogh upon you.
Beogh smites you!
You die...

,*,,,,,,,,*≈≈,,,,,,**,,,,,,≈≈*,,*
,*,******##*≈≈,,,,,**,,,,,≈≈**,,*
**,,,,,,,..#*≈≈,,,,**,,,,≈≈**,,,*
*,,,****,...#*≈≈,,,**,,,≈≈*****,,
,,,,,,,,,....#*≈≈,,,,,,≈≈** **,
,,,,,,,,,.....#*≈≈≈,,≈≈≈*####****
,,,,,,,,,......####++####....,,,*
,≈≈≈≈≈,,,.........)..........,,,*
,≈,>,≈,,,......#@####........,,,,
,≈,∩,≈,,,.....,#.# #........,,,*
,≈,,,≈,,,....,,#o# #........,,,*
,≈≈≈≈≈,,,...,,,#)# #........,,,*
,,,,,,,,,g.,,,,#o# #........,,,*
***,,,,,,.,,,,,#.# #........,,,*
******,,,,,,,#.# #........,,,*
********#.# #........,,,* #.#
#........,,,*


You could see an orc warrior and an orc priest.

Vanquished Creatures
  A water moccasin zombie (D:4)
  A jelly (D:4)
  Natasha (twice) (D:2)
  An orc wizard (D:7)
  Robin (D:3)
  A howler monkey skeleton (D:4)
  3 adders
  3 gnolls (D:2)
  An adder skeleton (D:4)
  2 worms
  3 dart slugs
  2 orcs
  6 ball pythons
  7 bats
  10 endoplasms
  2 giant cockroaches
  18 goblins
  4 hobgoblins
  4 jackals
  3 kobolds (D:2)
  3 quokkas
  4 frilled lizards
  9 rats
91 creatures vanquished.

Notes
Turn   | Place    | Note
-------+----------+-------------------------------------------
     0 | D:1      | sking99 the Troll Monk began the quest for the Orb.
     0 | D:1      | Reached XP level 1. HP: 22/22 MP: 0/0
    91 | D:1      | Reached XP level 2. HP: 28/29 MP: 1/1
   437 | D:1      | Reached XP level 3. HP: 36/36 MP: 2/2
   680 | D:2      | Noticed Natasha
   688 | D:2      | Killed Natasha
   689 | D:2      | Reached skill level 4 in Unarmed Combat
   707 | D:2      | Found a faded altar of an unknown god.
   707 | D:2      | Noticed Natasha
   715 | D:2      | Killed Natasha
   716 | D:2      | Reached XP level 4. HP: 40/45 MP: 3/3
  1068 | D:2      | Reached skill level 5 in Unarmed Combat
  1416 | D:3      | Reached XP level 5. HP: 53/53 MP: 4/4
  1465 | D:3      | Found a transporter.
  1467 | D:3      | Noticed gpo23's ghost (amateur MiBe)
  1504 | D:3      | Noticed Robin
  1543 | D:3      | Killed Robin
  1616 | D:3      | Found a transporter.
  2443 | D:4      | Reached XP level 6. HP: 62/62 MP: 5/5
  2547 | D:4      | Reached skill level 6 in Unarmed Combat
  2620 | D:4      | You fall into a shaft and drop 3 floors!
  2630 | D:7      | Noticed an orc warrior
  2648 | D:7      | Killed from afar by an orc priest

Illustrated notes

Levels and vault maps discovered:
D:1:      lemuel_arrival_behind_the_door_small, layout_basic,
          minmay_pentomino_z2
D:2:      layout_loops_ring, chequers_ecumenical_altar_island, uniq_natasha
D:3:      layout_basic, gammafunk_ghost_mausoleum, st_stairs_7, eino_curves_02,
          kennysheep_generic_room_16, uniq_robin
D:4:      layout_gridville, kennysheep_small_spiral
D:7:      layout_basic, nicolae_overflow_hidden_temple, enter_bailey_5,
          kennysheep_cross_room, grunt_ogre_cave, nrook_pool_corridor,
          hex_intersection, minivault_19, supply_closet_lemuel,
          minmay_fire_ice_demons

Skill      XL: |  1  2  3  4  5  6 |
---------------+-------------------+-----
Fighting       | 3 |  3.9
Unarmed Combat | 4 5 6 |  6.1
Dodging        | |  2.4
Stealth        | |  1.0

Action                   |  1- 3 |  4- 6 || total
-------------------------+-------+-------++-------
Melee: Unarmed           |    84 |   178 ||   262
       Punch             |     1 |     2 ||     3
  Use: Scroll            |       |    12 ||    12
 Stab: Sleeping          |     3 |     3 ||     6
Armor: Robe              |    30 |    61 ||    91
Dodge: Dodged            |    37 |    95 ||   132
